Map: Daybreak LE (Void)

Players

Eastone

  • Race: Zerg Zerg
  • League: Platinum
  • Spawn Location: 1:00

mengilen - Winner!

  • Race: Zerg Zerg
  • League: Platinum
  • Spawn Location: 7:00

VOD

Have the link to the VOD?

Description

Time

  • Played on: Jan. 19, 2017, 7:16 a.m.
  • Length: 14:38
Show
View Real Time Build Order
Export as new Build Order

Eastone Zerg 

Build Orders: Pool First 

Get SALT Encoding   

  12  0:01  Drone  
  13  0:10  Drone  
  14  0:17  Overlord  
  14  0:36  Drone x3  
  17  0:43  Extractor  
  17  0:47  Drone  
  17  0:52  Spawning Pool  
  16  0:57  Drone  
  17  1:08  Drone  
  18  1:19  Drone  
  19  1:31  Drone  
  20  1:40  Queen  
  22  1:49  Metabolic Boost  
  22  1:50  Overlord  
  22  2:09  Drone  
  22  2:10  Drone  
  22  2:13  Drone  
  25  2:19  Hatchery  
  24  2:25  Queen  
  26  2:34  Drone  
  26  2:36  Drone  
  28  2:45  Baneling Nest  
  28  2:46  Zergling x2  
  28  2:52  Zergling x4  
  28  2:54  Overlord  
  30  3:10  Overlord x2  
  30  3:19  Zergling x2  
  30  3:40  Zergling x6  
  30  3:41  Zergling x2, Roach Warren  
  31  3:49  Drone, Zergling x2  
  31  3:50  Zergling x2  
  31  3:55  Drone  
  35  3:57  Drone  
  36  4:12  Drone x4  
  36  4:13  Drone x3  
  43  4:17  Extractor  
  43  4:22  Extractor, Roach  
  43  4:23  Extractor, Roach  
  44  4:30  Roach  
  46  4:34  Roach  
  48  4:46  Roach x2  
  48  4:47  Roach x2  
  48  4:50  Hatchery  
  55  4:53  Drone  
  55  4:58  Drone x2  
  58  5:14  Drone x2  
  58  5:19  Lair  
  58  5:20  Overlord  
  60  5:22  Overlord  
  60  5:26  Baneling x2  
  60  5:28  Baneling  
  60  5:38  Drone  
  60  5:39  Drone x4  
  60  5:40  Drone x3  
  68  5:51  Roach  
  68  5:52  Roach  
  67  6:07  Roach x2  
  67  6:08  Roach  
  71  6:11  Roach  
  71  6:13  Roach  
  75  6:20  Glial Reconstitution  
  75  6:27  Overlord x2  
  75  6:40  Overlord  
  75  6:41  Overlord  
  75  6:45  Hatchery  
  75  6:46  Drone  
  75  6:47  Drone  
  76  6:51  Drone x3  
  79  6:57  Drone  
  79  6:58  Roach x3  
  79  6:59  Roach  
  88  7:08  Pneumatized Carapace  
  88  7:10  Roach x2  
  92  7:25  Roach x5  
  92  7:26  Roach x3  
  108  7:38  Evolution Chamber  
  108  7:39  Evolution Chamber  
  106  7:52  Roach  
  108  8:01  Hatchery  
  108  8:04  Hydralisk Den, Zerg Missile Weapons Level 1, Zerg Ground Armor Level 1  
  106  8:06  Drone  
  106  8:07  Drone, Overlord x3  
  108  8:33  Hydralisk  
  108  8:34  Hydralisk x3  
  108  8:35  Hydralisk x2  
  108  8:36  Roach  
  122  8:44  Queen  
  122  8:45  Queen  
  126  8:51  Muscular Augments  
  126  8:53  Roach x2  
  132  9:10  Roach  
  132  9:12  Overlord x3  
  132  9:13  Overlord  
  102  9:40  Roach x3  
  102  9:41  Roach x6  
  120  10:05  Roach x4  
  120  10:06  Roach x6  
  142  10:07  Roach  
  142  10:14  Roach x2  
  142  10:16  Roach  
  136  10:22  Roach  
  136  10:23  Roach  
  136  10:33  Roach x3  
  136  10:34  Roach  
  134  10:55  Roach  
  112  11:01  Ravager  
  94  11:05  Roach  
  94  11:06  Roach x7  
  98  11:11  Roach x3  
  98  11:16  Ravager  
  97  11:21  Roach x3  
  101  11:29  Queen  
  103  11:33  Roach  
  103  11:36  Drone x3  
  100  11:55  Roach x2  
  100  11:56  Roach x4  
  112  12:03  Drone x4  
  116  12:37  Hatchery  
  115  12:45  Hydralisk x5  
  125  13:06  Roach  
  125  13:07  Roach x6  
  125  13:08  Roach x2  
  125  13:09  Roach  
  125  13:11  Roach  
  147  13:14  Roach  
  149  13:36  Overseer x2  
  141  14:04  Roach x2  
  141  14:05  Roach x5  
  141  14:06  Roach x3  
Show
View Real Time Build Order
Export as new Build Order

mengilen Zerg - Winner!

Build Orders: Pool First, Zergling Baneling 

Get SALT Encoding   

  12  0:01  Drone  
  13  0:13  Overlord  
  13  0:18  Drone  
  14  0:33  Drone x2  
  16  0:36  Drone  
  17  0:46  Drone  
  18  0:54  Spawning Pool  
  17  0:57  Drone  
  18  1:08  Drone  
  19  1:11  Extractor  
  18  1:19  Drone  
  18  1:25  Hatchery  
  18  1:30  Drone  
  19  1:47  Overlord  
  19  1:51  Drone  
  20  1:55  Queen  
  22  2:15  Zergling x4  
  24  2:27  Drone  
  25  2:37  Metabolic Boost  
  25  2:47  Queen  
  25  2:50  Drone  
  25  2:51  Drone x3  
  31  2:57  Queen, Baneling Nest  
  32  3:00  Overlord  
  32  3:07  Drone x2  
  34  3:13  Roach Warren  
  34  3:19  Spine Crawler  
  30  3:21  Zergling x2  
  30  3:22  Zergling x2  
  30  3:25  Zergling x2  
  30  3:26  Zergling x2  
  34  3:32  Zergling x4  
  36  3:52  Baneling  
  36  3:53  Baneling x3  
  36  3:56  Zergling x8  
  36  3:57  Zergling x2  
  41  4:05  Baneling x2  
  41  4:16  Baneling x3  
  41  4:20  Extractor  
  41  4:22  Baneling  
  41  4:24  Zergling x8  
  44  4:40  Overlord  
  44  4:41  Overlord x3  
  44  5:02  Drone x7  
  44  5:03  Drone x3  
  54  5:15  Drone x2  
  56  5:32  Baneling x2  
  56  5:38  Drone  
  56  5:39  Drone  
  56  6:12  Roach x2  
  56  6:13  Roach x7  
  56  6:15  Extractor  
  56  6:16  Extractor  
  72  6:23  Evolution Chamber, Lair  
  71  6:25  Overlord x2  
  71  6:26  Overlord, Evolution Chamber  
  71  6:28  Hatchery  
  69  6:45  Drone x6  
  75  6:55  Zerg Ground Armor Level 1  
  75  7:01  Zerg Missile Weapons Level 1  
  75  7:05  Baneling x2  
  75  7:11  Roach x5  
  85  7:29  Glial Reconstitution  
  85  7:32  Drone x2  
  85  7:33  Drone x3  
  91  7:44  Drone x5  
  91  7:45  Queen  
  97  8:09  Overlord x4  
  97  8:17  Spine Crawler  
  97  8:18  Roach x2  
  97  8:19  Roach x2  
  104  8:22  Overlord  
  104  8:23  Overlord x3  
  104  8:36  Queen  
  104  8:38  Spine Crawler  
  104  8:50  Ravager x3  
  104  8:52  Roach x3  
  104  8:53  Roach x7  
  95  9:40  Roach x4  
  95  9:41  Roach x10  
  123  9:46  Zerg Missile Weapons Level 2  
  123  9:47  Zerg Ground Armor Level 2  
  121  9:59  Ravager x6  
  125  10:13  Zergling x8  
  127  10:37  Zergling x4  
  127  10:38  Zergling x18  
  138  10:45  Burrow  
  91  11:10  Zergling x10  
  81  11:13  Roach x2  
  81  11:14  Roach x2  
  67  11:28  Zergling x4  
  68  11:34  Roach x6  
  68  11:38  Tunneling Claws  
  77  11:46  Drone x3  
  80  11:57  Extractor, Roach x5  
  80  11:58  Roach x4  
  80  12:00  Baneling x4  
  97  12:03  Centrifical Hooks  
  95  12:16  Roach x7  
  109  12:24  Extractor  
  109  12:26  Roach x8  
  124  12:33  Infestation Pit  
  124  12:34  Roach  
  124  12:35  Roach  
  127  12:48  Ravager x5  
  127  12:49  Ravager  
  133  13:12  Roach x6  
  149  13:13  Roach x4  
  149  13:17  Hatchery  
  152  13:23  Overlord  
  152  13:24  Overlord x6  
  152  13:46  Baneling x3  
  134  14:18  Roach x7  
  134  14:19  Roach  
Tags
 
Add a new tag
Caveats
  • Supply blocks, unpowered buildings, or Contaminate may cause inaccurate times.
  • Supply counts are checked every 10 seconds.